 Dungeon Crawl Stone Soup version 0.29.1-15-g9cfb28693d (console) character file.

Game seed: 6678500260784818540

154186 erker the Marksant (level 18, -33/192 (204) HPs)
             Began as a Formicid Arcane Marksman on Apr 16, 2023.
             Was the Champion of Cheibriados.
             Annihilated by a white very ugly thing (45 damage)
             ... in an ice cave.
             The game lasted 02:51:25 (29876 turns).

erker the Marksant (Formicid Arcane Marksman)      Turns: 29876, Time: 02:51:25

HP:   -33/192 (204) AC: 33    Str: 31    XL:     18   Next: 24%
MP:   32/32         EV:  2    Int: 37    God:    Cheibriados [******]
Gold: 1192          SH: 15    Dex: 35    Spells: 23/38 levels left

rFire   . . .      SeeInvis .   a - +1 arbalest (freeze)
rCold   . . .      Faith    .   g - +0 kite shield
rNeg    . . .      Spirit   .   (body armour currently unavailable)
rPois   +          Reflect  .   (helmet unavailable)
rElec   .          Harm     .   (cloak currently unavailable)
rCorr   .          Rampage  .   (gloves currently unavailable)
Will    +....                   (boots currently unavailable)
Stlth   +++.......              s - amulet of regeneration
HPRegen 1.22/turn               Y - ring "Ullaowut" {Int+2 Dex+6}
MPRegen 0.23/turn               C - +4 ring of protection

@: tree-form, drained, invisible, very slow
A: stationary, stasis, torment immunity, boosted hp, permanent stasis, dig
shafts and tunnels, (antennae 3), four strong arms
a: Renounce Religion, Bend Time, Temporal Distortion, Slouch, Step From Time


You were in an ice cave.
You worshipped Cheibriados.
Cheibriados was exalted by your worship.
You were a tree.
You visited 5 branches of the dungeon, and saw 25 of its levels.
You also visited: Ice Cave.

You collected 2612 gold pieces.
You spent 1420 gold pieces at shops.

Inventory:

Hand Weapons
 a - a +1 arbalest of freezing (weapon)
 b - the +10 great mace "Embalmer" {flame, rElec rF+ Int+5}
   (You bought it in a shop on level 2 of the Orcish Mines)

   It burns those it strikes, dealing additional fire damage.
   Int:       It affects your intelligence (+5).
   rF:        It protects you from fire.
   rElec:     It insulates you from electricity.
 k - a -1 demon whip of venom
 l - the +7 sling of Beterchysy {freeze, rElec rC+ Str+3}
   (You found it on level 7 of the Dungeon)

   Any ammunition fired from it freezes those it strikes, dealing additional
   cold damage.
   It can also slow down cold-blooded creatures.
   Str:       It affects your strength (+3).
   rC:        It protects you from cold.
   rElec:     It insulates you from electricity.
Missiles
 r - 3 atropa-tipped darts
 t - 2 throwing nets
 N - 5 curare-tipped darts
Armour
 f - a +0 leather armour of cold resistance (melded)
 g - a +0 kite shield (worn)
 o - a +1 cloak of poison resistance (melded)
 u - a +0 pair of boots (melded)
 B - a +2 robe of willpower
 G - a +0 pair of gloves (melded)
 L - the +4 moon troll leather armour {Spirit, Regen++ MP+5}
   (You found it on level 4 of the Lair of Beasts)

   MP:        It affects your magic capacity (+5).
   Regen:     It increases your rate of health regeneration.
Magical Staves
 p - a staff of air
Jewellery
 d - a ring of protection from fire
 j - a ring of the Octopus King {rCorr HP+2 AC+2 EV+2 SH+2}
   (You found it on level 5 of the Lair of Beasts)

   [ring of resist corrosion]

   AC:        It affects your AC (+2).
   EV:        It affects your evasion (+2).
   HP:        It affects your health (+2).
   rCorr:     It protects you from acid and corrosion.
   SH:        It affects your SH (+2).
 n - a ring of willpower
 s - an amulet of regeneration (around neck)
 x - a ring of wizardry
 C - a +4 ring of protection (right branch)
 J - an amulet of reflection
 T - a ring of poison resistance
 X - a ring of magical power
 Y - the ring "Ullaowut" (left branch) {Int+2 Dex+6}
   (You found it on level 4 of the Lair of Beasts)

   [ring of dexterity]

   Int:       It affects your intelligence (+2).
   Dex:       It affects your dexterity (+6).
Wands
 i - a wand of mindburst (26)
 D - a wand of light (12)
 K - a wand of iceblast (24)
 O - a wand of paralysis (1)
Scrolls
 q - 5 scrolls of poison
 y - 5 scrolls of butterflies
 E - 4 scrolls of enchant armour
 F - 8 scrolls of immolation
 P - 7 scrolls of amnesia
 R - a scroll of fear
 U - 4 scrolls of silence
 V - 2 scrolls of magic mapping
 Z - 4 scrolls of identify
Potions
 c - a potion of lignification
 e - 14 potions of curing
 h - 9 potions of brilliance
 m - 7 potions of heal wounds
 v - 9 potions of cancellation
 w - 6 potions of mutation
 z - 3 potions of ambrosia
 A - 4 potions of attraction
 I - 2 potions of might
 Q - 3 potions of flight
 W - 2 potions of magic
Miscellaneous
 S - a condenser vane (inert)


   Skills:
 + Level 10.7 Fighting
 - Level 5.6 Maces & Flails
 - Level 18.0 Ranged Weapons
 + Level 7.2 Armour
 + Level 5.2 Dodging
 + Level 9.4 Shields
 + Level 10.7 Spellcasting
 + Level 14.6 Hexes
 - Level 2.0 Translocations
 - Level 4.0 Transmutations
 - Level 2.0 Fire Magic
 - Level 2.0 Air Magic
 + Level 5.8 Earth Magic
 - Level 4.0 Poison Magic
 - Level 8.0 Invocations
 - Level 2.0 Evocations


You had 23 spell levels left.
You knew the following spells:

 Your Spells              Type           Power      Damage    Failure   Level
a - Slow                  Hex            100%       N/A       0%          1
f - Cause Fear            Hex            45%        N/A       1%          4
i - Inner Flame           Hex/Fire       69%        N/A       1%          3
n - Poisonous Vapours     Pois/Air       82%        N/A       1%          2
w - Passwall              Tmut/Erth      45%        N/A       1%          2
z - Portal Projectile     Hex/Tloc       100%       N/A       1%          3

Your spell library contained the following spells:

 Spells                   Type           Power      Damage    Failure   Level
 Apportation              Tloc           68%        N/A       1%          1
 Beastly Appendage        Tmut           98%        N/A       1%          1
 Sting                    Tmut/Pois      100%       1d8       1%          1
 Ensorcelled Hibernation  Hex/Ice        100%       N/A       1%          2
 Wereblood                Tmut           49%        N/A       1%          2
 Confusing Touch          Hex            91%        N/A       1%          3
 Spider Form              Tmut/Pois      49%        N/A       2%          3
 Magic Dart               Conj           76%        1d6       3%          1
 Necrotise                Necr           76%        1d7       3%          1
 Summon Small Mammal      Summ           76%        N/A       3%          1
 Ignite Poison            Fire/Tmut/Pois 44%        N/A       3%          3
 Lesser Beckoning         Tloc           34%        N/A       4%          3
 Mephitic Cloud           Conj/Pois/Air  34%        N/A       4%          3
 Call Imp                 Summ           19%        N/A       6%          2
 Conjure Flame            Conj/Fire      27%        6-21      8%          3
 Olgreb's Toxic Radiance  Pois           49%        N/A       8%          4
 Frozen Ramparts          Ice            38%        1d6       12%         3
 Vampiric Draining        Necr           19%        2d7       12%         3
 Ice Form                 Ice/Tmut       34%        N/A       17%         4
 Sticky Flame             Conj/Fire      27%        2d5       26%         4
 Summon Ice Beast         Ice/Summ       19%        N/A       36%         4
 Manifold Assault         Tloc           34%        N/A       43%         5
 Discord                  Hex            45%        N/A       54%         8
 Malign Gateway           Summ/Tloc      13%        N/A       100%        7
 Summon Horrible Things   Summ           9%         N/A       100%        8
 Blink                    Tloc           Unusable   N/A       N/A         2
 Swiftness                Air            Unusable   N/A       N/A         3

Dungeon Overview and Level Annotations

Branches:
Dungeon (14/15)            Temple (1/1) D:5            Lair (5/5) D:10
 Shoals (0/4) Lair:3       Spider (3/4) Lair:3        Slime (0/5) Lair:5
    Orc (2/2) D:10            Elf (0/3) Orc:2        Vaults (0/5) D:13
  IceCv (1/1)

Altars:
Ashenzari
Cheibriados
Dithmenos
Elyvilon
Fedhas
Gozag
Hepliaklqana
Kikubaaqudgha
Makhleb
Nemelex Xobeh
Okawaru
Qazlal
Ru
Sif Muna
Trog
Vehumet
Xom
Zin
Jiyva

Shops:
D:1 !   D:7 (   D:12 *   Orc:2 ((*!

Annotations:
D:3 1 runed translucent door, Crazy Yiuf
D:13 3 runed translucent doors, erker's ghost, journeyman FoAM


Innate Abilities, Weirdness & Mutations

You are a tree.
Your roots penetrate the ground, keeping you stationary.
You cannot be teleported.
You are immune to unholy pain and torment.
Your maximum health is greatly increased.
Your equipment is partially melded.
You cannot be hasted, slowed, berserked, paralysed or teleported.
You can dig through walls and to a lower floor.
((You have a pair of large antennae on your head. (SInv)))
Your four strong arms can wield two-handed weapons with a shield.


Message History

The white very ugly thing is heavily wounded.
You block the white very ugly thing's attack.
Fire: a) +1 arbalest (freeze)
Press: ? - help, Q - select action, (/) - cycle Shift-Dir - straight line, f - caustic shrike simulacrum
Aim: a caustic shrike simulacrum (unable to see you, 70% to hit)
You shoot a bolt.
The bolt hits the white very ugly thing but does no damage.
The white very ugly thing is heavily wounded.
The white very ugly thing tentacle-slaps you!
* * * LOW HITPOINT WARNING * * *
The white very ugly thing freezes you!! You resist.
* * * LOW HITPOINT WARNING * * *
You feel much better.
The white very ugly thing completely misses you.
Really quaff the potion of lignification?
You turn into a tree.
Your +1 cloak of poison resistance melds into your body.
Your +0 pair of gloves melds into your body.
Your +0 pair of boots melds into your body.
Your +0 leather armour of cold resistance melds into your body.
You no longer feel resistant to poison.
You feel less resistant to cold.
Your mandibles meld away.
Your roots penetrate the ground.
You block the white very ugly thing's attack.
Fire: a) +1 arbalest (freeze)
Press: ? - help, Q - select action, (/) - cycle Shift-Dir - straight line, f/p - caustic shrike simulacrum
Aim: a caustic shrike simulacrum (unable to see you, 70% to hit)
You shoot a bolt.
The bolt closely misses the white very ugly thing.
The bolt hits the harpy simulacrum!!
The harpy simulacrum vaporises!
Cheibriados thoroughly appreciates the change of pace.
The white very ugly thing tentacle-slaps you.
* * * LOW HITPOINT WARNING * * *
The white very ugly thing freezes you!!!
* * * LOW HITPOINT WARNING * * *
You feel much better.
The white very ugly thing tentacle-slaps you!
* * * LOW HITPOINT WARNING * * *
The white very ugly thing freezes you!!!
You die...

#########.#
#........##
#...∩...##
#.......#
#.......#
#...∩...#
##.....##
####...##
#♣###.##
##u#...##
##Z....##
#.Z.....#
#.......#
#[.....!#
#?.....$#
#!)Z..[$#
####.####


You could see a white very ugly thing (unable to see you), a golden dragon
simulacrum (unable to see you) and a caustic shrike simulacrum (unable to see
you).

Vanquished Creatures
  An orc warlord (Orc:2)
  The ghost of Beh Mefau the Arsonist, a journeyman OpCj of Sif Muna (D:14)
  3 emperor scorpions (Spider:2)
  A broodmother (Spider:1)
  An entropy weaver (Spider:1)
  A dire elephant (Lair:5)
  A merfolk avatar (Lair:5)
  9 hydras
  4 boulder beetles
  2 ghost crabs (Spider:2)
  2 catoblepae
  A death knight (D:14)
  2 caustic shrike simulacra (IceCv)
  2 jorogumos
  5 death yaks
  11 two-headed ogres
  A tengu warrior (D:13)
  4 orc high priests (Orc:2)
  Sonja (Orc:1)
  Amaemon (Lair:2)
  A fire crab (shapeshifter) (D:14)
  2 pharaoh ants
  3 orb spiders
  4 steelbarb worms
  3 harpies
  4 orc knights (Orc:2)
  Pikel (D:6)
  2 deep elf pyromancers
  6 manticores
  2 oklob plants (Lair:1)
  10 wolf spiders
  5 ugly things
  5 orc sorcerers (Orc:2)
  A moth of wrath (Spider:2)
  A cyclops (shapeshifter) (D:13)
  15 elephants
  5 cyclopes (D:14)
  A black mamba (Lair:4)
  2 ice statues (Spider:3)
  2 torpor snails
  A gargoyle (D:13)
  10 cane toads
  4 rime drakes
  An orange demon (Lair:2)
  7 demonic crawlers
  3 kobold demonologists (D:14)
  6 komodo dragons
  A tengu conjurer (D:14)
  3 trolls
  An anaconda simulacrum (IceCv)
  A golden dragon simulacrum (IceCv)
  2 wind drakes (Lair:5)
  7 meliai
  4 polar bears
  25 tarantellas
  A queen bee (shapeshifter) (D:14)
  5 tyrant leeches
  A wind drake (shapeshifter) (D:14)
  22 blink frogs
  Grinder (D:3)
  A hornet (Lair:5)
  8 slime creatures
  A snapping turtle (Lair:3)
  A centaur simulacrum (D:14)
  5 wraiths
  A vampire (D:12)
  2 shadows (D:10)
  14 jumping spiders
  8 wyverns
  11 culicivoras
  2 dire elephant simulacra (IceCv)
  Eustachio (D:4)
  A human (shapeshifter) (D:13)
  51 yaks
  12 vampire mosquitoes
  3 basilisks
  28 redbacks
  2 harpy simulacra (IceCv)
  2 swamp worms (Lair:4)
  2 hydra simulacra (IceCv)
  2 wargs (Orc:2)
  2 acid dragons
  17 water moccasins
  29 orc warriors
  An ice beast (shapeshifter) (D:13)
  A sky beast (D:4)
  3 ice beasts (D:5)
  A black bear (D:5)
  A black bear (shapeshifter) (D:14)
  8 ogres
  An ettin simulacrum (IceCv)
  5 centaurs
  19 wolves
  3 lemures (D:6)
  5 kobold brigands
  11 bullfrogs
  Blork the orc (D:4)
  2 scorpions
  8 wights
  A lindwurm simulacrum (IceCv)
  4 howler monkeys
  5 electric eels
  2 hounds
  A jelly (D:5)
  27 orc priests
  A gnoll bouda (D:5)
  4 iguanas (D:5)
  16 orc wizards
  7 hell rats (Lair:4)
  3 gnolls (D:5)
  7 adders
  A white imp (D:6)
  2 ufetubi
  5 worms
  2 dart slugs
  94 orcs
  5 endoplasms
  A giant cockroach (D:1)
  8 goblins
  8 hobgoblins
  26 kobolds
  2 quokkas
  5 ball pythons
  4 bats
  A frilled lizard (D:1)
  6 rats
759 creatures vanquished.

Vanquished Creatures (others)
  A tyrant leech (Spider:2)
  A redback (Spider:3)
  24 fungi
  115 plants
141 creatures vanquished.

Grand Total: 900 creatures vanquished

Notes
Turn   | Place    | Note
-------+----------+-------------------------------------------
     0 | D:1      | erker the Formicid Arcane Marksman began the quest for the
                  | Orb.
     0 | D:1      | Reached XP level 1. HP: 15/15 MP: 2/2
    36 | D:1      | Found Kisytz's Distillery.
    51 | D:1      | Found a faded altar of an unknown god.
   408 | D:1      | Reached XP level 2. HP: 21/21 MP: 3/3
   806 | D:1      | Reached XP level 3. HP: 26/26 MP: 4/4
   960 | D:1      | Bought a potion of lignification for 39 gold pieces
  1084 | D:1      | Reached skill level 3 in Ranged Weapons
  1584 | D:2      | Reached XP level 4. HP: 25/32 MP: 3/5
  1998 | D:2      | Found a radiant altar of Vehumet.
  2624 | D:3      | Noticed Grinder
  2811 | D:4      | Noticed an ogre
  2847 | D:4      | Killed an ogre
  2848 | D:4      | Reached skill level 4 in Ranged Weapons
  2848 | D:4      | Reached skill level 1 in Armour
  2848 | D:4      | Reached XP level 5. HP: 37/37 MP: 4/6
  2913 | D:4      | Reached XP level 6. HP: 31/43 MP: 7/7
  2967 | D:4      | Reached skill level 5 in Hexes
  3207 | D:4      | Noticed Blork the orc
  3219 | D:4      | Killed Blork the orc
  3220 | D:4      | Reached skill level 5 in Ranged Weapons
  3302 | D:4      | Noticed Eustachio
  3335 | D:4      | Learned a level 4 spell: Cause Fear
  3396 | D:4      | Noticed a sky beast
  3708 | D:3      | Found a runed translucent door.
  3709 | D:3      | Noticed Crazy Yiuf
  4365 | D:3      | Killed Grinder
  4366 | D:3      | Reached skill level 6 in Ranged Weapons
  4366 | D:3      | Reached XP level 7. HP: 43/48 MP: 8/8
  4528 | D:3      | Learned a level 2 spell: Passwall
  4628 | D:4      | Killed Eustachio
  4629 | D:4      | Reached skill level 1 in Earth Magic
  4695 | D:4      | Reached skill level 1 in Transmutations
  4695 | D:4      | Reached XP level 8. HP: 44/56 MP: 10/10
  5253 | D:5      | Entered Level 5 of the Dungeon
  5639 | D:5      | Reached skill level 7 in Ranged Weapons
  6021 | D:5      | Found a staircase to the Ecumenical Temple.
  6119 | D:5      | Reached XP level 9. HP: 48/63 MP: 13/13
  6643 | Temple   | Entered the Ecumenical Temple
  6815 | D:1      | Bought a potion of curing for 39 gold pieces
  6815 | D:1      | Bought a potion of invisibility for 104 gold pieces
  6815 | D:1      | Bought a potion of heal wounds for 65 gold pieces
  6815 | D:1      | Bought a potion of attraction for 39 gold pieces
  6815 | D:1      | Bought a potion of brilliance for 52 gold pieces
  6815 | D:1      | Bought a potion of might for 52 gold pieces
  6951 | Temple   | Became a worshipper of Cheibriados the Contemplative
  7345 | D:6      | Reached skill level 8 in Ranged Weapons
  7867 | D:6      | Noticed Pikel
  7891 | D:6      | Killed Pikel
  7892 | D:6      | Reached skill level 1 in Invocations
  8089 | D:6      | Reached skill level 1 in Evocations
  8376 | D:7      | Reached * piety under Cheibriados
  9060 | D:7      | Identified the +7 sling of Beterchysy {freeze, rElec rC+
                  | Str+3}
  9107 | D:7      | Found Nir Jobiwen's Antique Weapon Shop.
  9341 | D:8      | Learned a level 3 spell: Inner Flame
  9489 | D:8      | Reached XP level 10. HP: 73/73 MP: 16/16
  9506 | D:8      | Reached ** piety under Cheibriados
  9517 | D:8      | Found a shimmering altar of Xom.
  9517 | D:8      | Noticed a two-headed ogre
 10114 | D:8      | Killed a two-headed ogre
 10115 | D:8      | Reached skill level 5 in Fighting
 10115 | D:8      | Reached skill level 9 in Ranged Weapons
 10270 | D:8      | Reached skill level 5 in Spellcasting
 10378 | D:8      | Found a glowing silver altar of Zin.
 10378 | D:8      | Found a sparkling altar of Nemelex Xobeh.
 11076 | D:9      | Noticed a two-headed ogre
 11093 | D:9      | Killed a two-headed ogre
 11094 | D:9      | Reached skill level 10 in Ranged Weapons
 11185 | D:9      | Reached XP level 11. HP: 81/81 MP: 19/19
 11341 | D:10     | Entered Level 10 of the Dungeon
 11341 | D:10     | Noticed an elephant
 11344 | D:10     | Reached *** piety under Cheibriados
 11347 | D:10     | Noticed an elephant
 11422 | D:10     | Noticed an elephant
 11457 | D:9      | Killed an elephant
 11636 | D:10     | Killed an elephant
 11637 | D:10     | Reached skill level 10 in Hexes
 11791 | D:10     | Found a staircase to the Orcish Mines.
 11835 | D:10     | Noticed a two-headed ogre
 11864 | D:10     | Killed an elephant
 11865 | D:10     | Reached skill level 11 in Ranged Weapons
 11904 | D:10     | Killed a two-headed ogre
 11908 | D:10     | Noticed an elephant
 11925 | D:10     | Killed an elephant
 11926 | D:10     | Reached skill level 1 in Fire Magic
 12248 | D:10     | Found a staircase to the Lair.
 12741 | D:11     | Noticed a boulder beetle
 12770 | D:11     | Killed a boulder beetle
 12836 | D:11     | Noticed a brown ugly thing
 12849 | D:11     | Killed a brown ugly thing
 12920 | D:11     | Reached XP level 12. HP: 91/91 MP: 21/21
 13145 | D:11     | Reached **** piety under Cheibriados
 13310 | D:11     | Noticed a two-headed ogre
 13328 | D:11     | Killed a two-headed ogre
 13329 | D:11     | Reached skill level 5 in Armour
 13777 | D:11     | Learned a level 2 spell: Poisonous Vapours
 13836 | D:12     | Noticed a two-headed ogre
 13845 | D:12     | Killed a two-headed ogre
 13901 | D:12     | Found Piforiso's General Store.
 14224 | D:12     | Reached skill level 1 in Poison Magic
 14300 | D:12     | You fall into a shaft and drop 1 floor!
 14362 | D:13     | Reached skill level 1 in Air Magic
 14369 | D:13     | Found a gate to the Vaults.
 14410 | D:13     | Reached skill level 12 in Ranged Weapons
 14720 | D:12     | Noticed a seven-headed hydra
 14728 | D:12     | Killed a seven-headed hydra
 14806 | D:12     | Found the +8 trident of the Octopus King {venom, rElec
                  | rPois}
 15176 | D:13     | Noticed a boulder beetle
 15194 | D:13     | Killed a boulder beetle
 15325 | D:13     | Noticed a tengu warrior
 15342 | D:13     | Reached skill level 1 in Maces & Flails
 15342 | D:13     | Reached skill level 5 in Invocations
 15405 | D:13     | Found a runed translucent gate.
 15407 | D:13     | Found a runed translucent gate.
 15407 | D:13     | Noticed an azure jelly
 15408 | D:13     | Found a runed translucent gate.
 15408 | D:13     | Noticed erker's ghost (journeyman FoAM)
 15408 | D:13     | Noticed a quicksilver ooze
 15408 | D:13     | Noticed an azure jelly
 15408 | D:13     | Noticed an azure jelly
 15409 | D:13     | Noticed an azure jelly
 15409 | D:13     | Noticed a great orb of eyes
 15410 | D:13     | Noticed a quicksilver ooze
 15410 | D:13     | Noticed an azure jelly
 15411 | D:13     | Noticed an acid blob
 15412 | D:13     | Noticed an azure jelly
 15413 | D:13     | Found a viscous altar of Jiyva.
 15413 | D:13     | Noticed an azure jelly
 15452 | D:13     | Noticed a two-headed ogre
 15466 | D:13     | Killed a two-headed ogre
 15583 | D:13     | Reached XP level 13. HP: 98/98 MP: 17/24
 16003 | Lair:1   | Entered Level 1 of the Lair of Beasts
 16003 | Lair:1   | Noticed a five-headed hydra
 16003 | Lair:1   | You fall into a shaft and drop 1 floor!
 16115 | Lair:2   | Reached ***** piety under Cheibriados
 16116 | Lair:2   | Reached skill level 1 in Shields
 16163 | Lair:2   | Identified the +5 falchion "Trog's Righteous Fury" {drain,
                  | Fly rPois}
 16305 | Lair:2   | Noticed Amaemon
 16319 | Lair:2   | Killed Amaemon
 16358 | Lair:2   | Reached skill level 13 in Ranged Weapons
 17231 | Lair:3   | Found a hole to the Spider Nest.
 17457 | Lair:3   | Found a staircase to the Shoals.
 18165 | Lair:4   | Noticed a seven-headed hydra
 18329 | Lair:1   | Noticed a six-headed hydra
 18657 | Lair:1   | Killed a six-headed hydra
 18832 | Lair:1   | Reached skill level 14 in Ranged Weapons
 18985 | Lair:1   | Killed a five-headed hydra
 18986 | Lair:1   | Reached skill level 5 in Maces & Flails
 19025 | Lair:1   | Reached XP level 14. HP: 76/105 MP: 26/26
 19307 | Lair:1   | Reached ****** piety under Cheibriados
 19358 | Lair:1   | Found a blossoming altar of Fedhas.
 19677 | D:12     | Bought a +2 spectral giant club for 226 gold pieces
 20024 | Lair:4   | Reached skill level 15 in Ranged Weapons
 20398 | Lair:4   | Reached skill level 16 in Ranged Weapons
 20639 | Lair:4   | Found the +4 moon troll leather armour {Spirit, Regen++
                  | MP+5}
 20661 | Lair:4   | Identified the ring "Ullaowut" {Int+2 Dex+6}
 20869 | Lair:5   | Entered Level 5 of the Lair of Beasts
 21016 | Lair:5   | Noticed a dire elephant
 21446 | Lair:5   | Reached XP level 15. HP: 112/112 MP: 27/27
 21450 | Lair:5   | Found a staircase to the Slime Pits.
 21450 | Lair:5   | Found a viscous altar of Jiyva.
 22524 | Lair:5   | Found the ring of the Octopus King
 22552 | Lair:5   | Identified a ring of the Octopus King {rCorr HP+2 AC+2 EV+2
                  | SH+2}
 22960 | Orc:1    | Entered Level 1 of the Orcish Mines
 22960 | Orc:1    | Noticed Sonja
 22963 | Orc:1    | Killed Sonja
 23053 | Orc:2    | Entered Level 2 of the Orcish Mines
 23197 | Orc:2    | Reached skill level 5 in Shields
 23654 | Orc:2    | Found Ucoora's General Store.
 23674 | Orc:2    | Found Kur Tock's Distillery.
 24063 | Orc:2    | Found Yckot's Weapon Emporium.
 24224 | Orc:2    | Noticed an orc warlord
 24243 | Orc:2    | Killed an orc warlord
 24281 | Orc:2    | Found Niru's Antique Weapon Shop.
 24584 | Orc:2    | Found a staircase to the Elven Halls.
 24878 | Orc:2    | Bought a twisted great mace for 218 gold pieces
 24878 | Orc:2    | Identified the +10 great mace "Embalmer" {flame, rElec rF+
                  | Int+5} (You bought it in a shop on level 2 of the Orcish
                  | Mines)
 25013 | Orc:2    | Bought a potion of flight for 42 gold pieces
 25023 | Orc:2    | Bought a potion of heal wounds for 80 gold pieces
 25023 | Orc:2    | Bought a potion of magic for 128 gold pieces
 25023 | Orc:2    | Bought a potion of mutation for 128 gold pieces
 25023 | Orc:2    | Bought a potion of heal wounds for 80 gold pieces
 25023 | Orc:2    | Bought a potion of invisibility for 128 gold pieces
 25276 | D:14     | Found a large runed translucent door.
 25276 | D:14     | Found a large runed translucent door.
 25277 | D:14     | Noticed Beh Mefau's ghost (journeyman OpCj)
 25652 | D:14     | Reached skill level 10 in Fighting
 25652 | D:14     | Reached XP level 16. HP: 122/122 MP: 29/29
 25834 | D:14     | Identified the +6 spear of Qaguthrea {vorpal, Fly}
 25840 | D:14     | Identified the +1 leather armour of Makhleb's Inspiration
                  | {Str+5}
 25876 | D:14     | Found a runed translucent door.
 26074 | D:14     | Reached skill level 10 in Spellcasting
 26371 | D:14     | Killed Beh Mefau's ghost
 26607 | Spider:1 | Entered Level 1 of the Spider Nest
 26677 | Spider:1 | Learned a level 3 spell: Portal Projectile
 26740 | Spider:1 | Reached skill level 17 in Ranged Weapons
 26865 | Spider:1 | Reached XP level 17. HP: 128/128 MP: 31/31
 26939 | Spider:1 | Reached skill level 18 in Ranged Weapons
 27440 | Spider:1 | Reached skill level 1 in Translocations
 28720 | Spider:2 | Reached skill level 5 in Earth Magic
 28832 | Spider:2 | Reached XP level 18. HP: 136/136 MP: 32/32
 29104 | Spider:2 | Reached skill level 5 in Dodging
 29589 | Spider:3 | Found a frozen archway.
 29672 | IceCv    | Entered an ice cave
 29875 | IceCv    | HP: 4/192 [white very ugly thing (51)]
 29876 | IceCv    | Annihilated by a white very ugly thing

Illustrated notes

Levels and vault maps discovered:
D:1:      lemuel_arrival_room, layout_basic,
          hellmonk_ecumenical_altar_arch_garden, serial_shops, shop_fountains,
          minmay_misc_feat_secret_circle, nicolae_concentric_dashed_squares_mild
D:2:      layout_rooms, basic_altar, minmay_quadrilaterals
D:3:      layout_loops_corners, uniq_crazy_yiuf_cottage, uniq_grinder
D:4:      layout_loops_ring, uniq_blork_the_orc, uniq_eustachio
D:5:      layout_basic, minmay_temple_entry_butterflies, nicolae_eternal_life,
          nicolae_grassy_gnolls
D:6:      layout_loops_ring, uniq_pikel
D:7:      layout_cave_pods, serial_shops, shop
D:8:      layout_basic, gammafunk_temple_overflow_forgotten,
          nicolae_water_bricks, serial_park_tiny_2
D:9:      layout_rooms, chequers_serial_rivers_room_a, kennysheep_cluttered_room
D:10:     wad_woods_tower, layout_stronghold, dpeg_oklobed_lair
D:11:     layout_long_grid
D:12:     layout_stronghold, serial_shops, shop, grunt_decor_arrowhead
D:13:     layout_roguey, david_vaults_2, gammafunk_ghost_ooze,
          kennysheep_decorative_pillar, minmay_misc_feat_diagonals
D:14:     minmay_the_grid_triangle_9x9_recursive_2
          [minmay_the_grid_triangle_9x9_prize_schism,
          minmay_the_grid_triangle_9x9_sparse_checkered,
          minmay_the_grid_triangle_9x9_subtriangle,
          minmay_the_grid_triangle_9x9_negative_grid], layout_stronghold,
          hangedman_decor_diamond_cutter, ebering_ghost_disaster_area,
          minivault_22
Temple:   nicolae_temple_bog_church
Lair:1:   layout_gridlike, hangedman_tree_tricks, grunt_megastairs_2,
          serial_bayou_shore_b, lemuel_fruit_fields
Lair:2:   layout_loops_ring, chequers_serial_rivers_small_b,
          serial_bayou_shore_b, lemuel_fruit_fields, uniq_amaemon
Lair:3:   layout_layer_cave, minmay_shoals_entry_hut, spider_nest_entry_webs,
          serial_bayou_shore_a
Lair:4:   layout_misc_corridors, worms_lemuel
Lair:5:   gammafunk_lair_ancient_temple, layout_cave_pods, slime_entry_1,
          nicolae_lair_yak_garden
Spider:1: layout_chambers
Spider:2: layout_chambers, nicolae_spider_swamp_cousins
Spider:3: layout_cave_pods, portal_ice_cave_entry_ice_statue_two,
          nicolae_spider_circle_web
Orc:1:    layout_diamond_mine, uniq_sonja, uniq_harold
Orc:2:    pubby_orc_utopia, serial_shops
IceCv:    ice_cave_statue_garden_chambered

Skill      XL: |  1  2  3  4  5  6  7  8  9 10 11 12 13 14 15 16 17 18 |
---------------+-------------------------------------------------------+-----
Hexes          | 4 6 8 9 10 11 12 13 14 | 14.6
Ranged Weapons | 3 4 6 7 8 10 11 12 14 16 17 18 | 18.0
Armour         | 1 2 3 4 5 6 7 |  7.2
Earth Magic    | 1 2 4 5 |  5.8
Transmutations | 1 2 4 |  4.0
Fighting       | 3 4 6 7 8 10 | 10.7
Spellcasting   | 2 4 5 6 7 8 9 10 | 10.7
Dodging        | 2 4 5 |  5.2
Invocations    | 2 3 5 6 7 8 |  8.0
Evocations     | 1 2 |  2.0
Fire Magic     | 2 |  2.0
Poison Magic   | 2 4 |  4.0
Air Magic      | 2 |  2.0
Maces & Flails | 1 5 |  5.6
Shields        | 2 4 6 7 8 9 |  9.4
Translocations | 2 |  2.0

Action                   |  1- 3 |  4- 6 |  7- 9 | 10-12 | 13-15 | 16-18 || total
-------------------------+-------+-------+-------+-------+-------+-------++-------
Melee: Mace              |       |    12 |       |       |       |       ||    12
       Punch             |       |     1 |     1 |       |       |       ||     2
       Dagger            |       |       |    22 |     3 |       |       ||    25
       Whip              |       |       |    11 |       |       |       ||    11
       Falchion          |       |       |     7 |       |       |       ||     7
       Demon whip        |       |       |       |       |    91 |       ||    91
       Dire flail        |       |       |       |       |     7 |       ||     7
       Great mace        |       |       |       |       |       |     5 ||     5
 Fire: Sling             |   124 |   181 |    31 |   548 |  1441 |       ||  2325
       Shortbow          |       |    28 |   398 |       |       |       ||   426
       Arbalest          |       |       |       |       |    50 |   617 ||   667
Throw: Dart              |       |       |     1 |    11 |     4 |       ||    16
 Cast: Slow              |    13 |    17 |    24 |     8 |     3 |       ||    65
       Cause Fear        |       |       |     4 |    33 |    58 |    13 ||   108
       Poisonous Vapours |       |       |       |     3 |     3 |       ||     6
       Inner Flame       |       |       |       |       |    13 |       ||    13
       Passwall          |       |       |       |       |    12 |       ||    12
       Portal Projectile |       |       |       |       |       |     1 ||     1
 Abil: Dig               |       |       |       |       |     3 |     2 ||     5
Evoke: Wand              |       |       |     3 |       |       |       ||     3
       Condenser vane    |       |       |       |       |       |     1 ||     1
  Use: Scroll            |       |       |     8 |     6 |    12 |     2 ||    28
       Potion            |       |       |       |     1 |       |     8 ||     9
 Stab: Invisible         |       |       |     2 |       |       |       ||     2
       Petrified         |       |       |       |       |     8 |       ||     8
Armor: Robe              |     1 |       |    82 |     6 |       |       ||    89
       Leather armour    |    14 |    47 |    26 |       |       |    13 ||   100
       Ring mail         |       |       |       |    50 |       |       ||    50
       Skin              |       |       |       |    23 |       |       ||    23
       Troll leather arm |       |       |       |     8 |   106 |    89 ||   203
Dodge: Dodged            |    23 |    74 |   158 |   105 |   202 |   163 ||   725
Block: Other             |       |       |    23 |    46 |     1 |       ||    70
       Reflection        |       |       |     1 |     3 |    22 |     3 ||    29
       Kite shield       |       |       |       |       |   506 |   328 ||   834
